Map: Cyber Forest LE

Players

Lee - Winner!

  • Race: Terran Terran
  • League: Platinum
  • Spawn Location: 11:00

Aex

  • Race: Zerg Zerg
  • League: Platinum
  • Spawn Location: 5:00

VOD

Have the link to the VOD?

Description

Time

  • Played on: March 15, 2019, 9:58 p.m.
  • Length: 13:37
Show
View Real Time Build Order
Export as new Build Order

Lee Terran - Winner!

Build Orders: Reaper Expand 

Get SALT Encoding   

  12  0:06  SCV  
  13  0:18  SCV  
  13  0:21  Supply Depot  
  14  0:30  SCV  
  15  0:43  SCV  
  15  0:45  Barracks  
  16  0:51  Refinery  
  16  0:55  SCV  
  17  1:07  SCV  
  18  1:19  SCV  
  19  1:35  Reaper  
  19  1:36  Orbital Command  
  20  1:46  Command Center  
  20  1:54  Refinery  
  20  2:02  SCV, Supply Depot  
  21  2:11  Barracks Reactor  
  21  2:15  SCV  
  22  2:25  Factory  
  22  2:27  SCV  
  23  2:39  SCV  
  24  2:51  SCV  
  25  3:00  Orbital Command  
  25  3:03  SCV  
  26  3:06  Barracks  
  26  3:15  SCV  
  26  3:16  Starport  
  26  3:19  Hellion x2  
  31  3:25  Barracks Tech Lab  
  31  3:27  SCV  
  31  3:31  SCV  
  33  3:35  Supply Depot  
  33  3:39  SCV  
  33  3:40  Hellion  
  35  3:46  Hellion, Marine, Supply Depot  
  38  3:53  SCV  
  39  4:01  Hellion  
  41  4:04  SCV  
  42  4:20  Banshee  
  45  4:25  Command Center  
  45  4:27  Barracks Reactor, Barracks Tech Lab  
  45  4:42  Barracks  
  45  4:44  SCV x2  
  45  4:45  Factory Tech Lab  
  47  4:50  Stimpack  
  47  4:54  Marine  
  47  4:56  SCV x2  
  50  5:04  Siege Tank  
  50  5:06  Marine x2  
  58  5:08  SCV x2  
  58  5:11  Marine  
  58  5:21  Raven  
  58  5:24  SCV x2  
  62  5:37  Orbital Command, Marine x5, Supply Depot  
  62  5:41  Supply Depot  
  62  5:42  Engineering Bay  
  67  5:44  SCV  
  67  5:45  Engineering Bay, SCV  
  69  5:54  Marine x3  
  69  5:56  Siege Tank, SCV  
  76  6:00  Supply Depot  
  76  6:02  Supply Depot  
  76  6:03  Orbital Command  
  76  6:04  Raven  
  76  6:05  Barracks  
  76  6:07  Barracks  
  76  6:09  SCV x2  
  80  6:15  Supply Depot  
  80  6:16  Supply Depot  
  80  6:17  Terran Infantry Weapons Level 1  
  80  6:18  Refinery  
  80  6:21  Marine x3  
  83  6:26  Armory  
  83  6:35  SCV x3  
  86  6:46  Marine  
  86  6:47  Marine, SCV  
  86  6:49  SCV x2  
  83  6:56  Combat Shield  
  83  6:59  SCV  
  83  7:01  SCV x2, Supply Depot  
  86  7:02  Supply Depot  
  86  7:04  Barracks Tech Lab x2  
  86  7:11  SCV  
  86  7:12  Supply Depot x2  
  86  7:13  SCV x2  
  89  7:23  SCV  
  89  7:25  SCV x2  
  89  7:26  Starport Reactor, Supply Depot  
  89  7:28  Marine x4  
  89  7:29  Marine, Concussive Shells  
  97  7:31  Marauder x2  
  97  7:35  SCV  
  102  7:37  SCV  
  102  7:41  SCV  
  102  7:43  Refinery  
  102  7:44  Refinery  
  104  7:46  Marine x3, Supply Depot  
  104  7:47  Marauder  
  104  7:48  SCV  
  107  7:52  Missile Turret, Marauder  
  107  7:54  Missile Turret x3  
  107  7:57  Missile Turret  
  107  7:58  Terran Vehicle And Ship Armor Level 1  
  109  8:00  Missile Turret  
  107  8:10  Missile Turret  
  107  8:12  Viking x2, Supply Depot  
  108  8:16  SCV x2  
  108  8:17  Missile Turret  
  108  8:19  SCV  
  111  8:23  Missile Turret, Refinery  
  111  8:35  Supply Depot  
  111  8:36  Marine x5  
  111  8:39  Starport, Terran Infantry Weapons Level 2  
  116  8:42  Viking  
  116  8:48  Marine x2  
  118  8:53  Marine  
  118  8:54  Marine x2  
  123  9:00  Missile Turret  
  123  9:01  Missile Turret  
  123  9:02  Thor  
  129  9:11  Marine x3  
  129  9:12  Marine x3  
  135  9:22  Fusion Core  
  134  9:28  Command Center  
  128  9:33  Missile Turret x2, Marine x4  
  128  9:34  Missile Turret  
  119  9:47  Missile Turret  
  119  9:48  Marine x2  
  119  9:49  Missile Turret, Marine  
  104  10:02  Marine  
  104  10:03  Marine x3  
  104  10:04  SCV  
  104  10:05  SCV  
  104  10:06  Marine x2  
  97  10:10  Missile Turret  
  97  10:12  Marine  
  98  10:20  Marine  
  99  10:24  Marauder  
  99  10:25  Marauder  
  99  10:27  SCV x3  
  102  10:32  Marine x3  
  91  10:47  Marine x3  
  91  10:49  Marauder  
  99  10:50  Siege Tank  
  99  10:55  Factory  
  99  11:03  Terran Infantry Armor Level 1  
  97  11:06  Marauder x2  
  97  11:10  Marauder  
  88  11:26  Planetary Fortress  
  88  11:28  SCV x2  
  88  11:29  SCV  
  88  11:30  Marine x6  
  88  11:32  Thor  
  103  11:33  Viking  
  103  11:34  Viking  
  107  11:40  SCV x2  
  107  11:41  SCV  
  110  11:52  SCV x2  
  110  11:53  Marine x3, SCV  
  110  11:54  Marine x4  
  117  11:59  Missile Turret  
  120  12:08  Advanced Ballistics  
  120  12:11  Marine x4  
  120  12:12  Marine, SCV  
  120  12:15  Thor  
  132  12:21  Missile Turret  
  132  12:23  Missile Turret, Marine x2  
  132  12:29  Marine  
  135  12:30  Missile Turret  
  135  12:32  Marine x3, Factory Tech Lab  
  138  12:44  Marine x2  
  138  12:45  Marine  
  138  12:47  Marine  
  138  12:50  Marine x3  
  137  12:58  SCV  
  124  12:59  SCV x3  
  124  13:02  Marine x3  
  124  13:04  Marine  
  130  13:07  Marine  
  130  13:08  Marine x2  
  130  13:10  SCV  
  130  13:11  SCV  
Show
View Real Time Build Order
Export as new Build Order

Aex Zerg 

Build Orders: Hatch First 

Get SALT Encoding   

  12  0:00  Drone  
  13  0:12  Overlord  
  13  0:17  Drone  
  14  0:30  Drone x2  
  16  0:38  Drone  
  17  0:55  Drone  
  18  0:59  Hatchery  
  17  1:09  Extractor  
  17  1:10  Drone  
  17  1:16  Spawning Pool  
  17  1:17  Drone  
  17  1:21  Drone  
  18  1:32  Drone  
  19  1:39  Overlord  
  19  2:07  Drone x2  
  21  2:11  Drone x2  
  21  2:12  Queen  
  21  2:13  Queen  
  21  2:14  Metabolic Boost  
  27  2:22  Overlord  
  27  2:25  Zergling x2  
  28  2:39  Zergling x2  
  28  2:41  Zergling x2  
  29  2:48  Drone  
  30  2:54  Lair  
  30  3:10  Hatchery  
  29  3:20  Drone x4, Queen  
  29  3:21  Drone  
  29  3:27  Overlord  
  36  3:40  Drone x5  
  41  3:53  Drone x3  
  44  4:00  Extractor, Drone x5  
  48  4:17  Spore Crawler  
  48  4:18  Spore Crawler  
  48  4:24  Extractor  
  45  4:25  Queen  
  45  4:26  Extractor, Drone x2  
  45  4:30  Drone x5  
  53  4:35  Overlord x2  
  53  4:44  Spore Crawler  
  52  4:49  Overlord  
  52  4:50  Overlord  
  51  5:04  Drone x3  
  51  5:05  Drone x3  
  57  5:12  Drone x3  
  60  5:18  Zergling x10  
  65  5:27  Zergling x4  
  65  5:28  Zergling x4  
  66  5:38  Spine Crawler  
  66  5:41  Drone x4, Queen  
  66  5:42  Drone  
  72  5:43  Drone  
  72  5:49  Drone  
  75  5:50  Drone x3  
  77  6:02  Spire  
  76  6:08  Drone x5  
  81  6:12  Overlord  
  81  6:17  Overseer  
  81  6:18  Extractor x2  
  80  6:21  Spine Crawler  
  78  6:37  Hydralisk Den  
  77  6:41  Roach Warren  
  77  6:43  Evolution Chamber  
  73  6:47  Evolution Chamber  
  73  6:53  Drone x4  
  73  6:54  Drone x4  
  76  6:55  Drone x5  
  82  7:09  Hatchery  
  82  7:13  Mutalisk  
  82  7:15  Hydralisk x4  
  79  7:16  Mutalisk x2  
  89  7:30  Overlord x5  
  89  7:38  Spore Crawler x2  
  89  7:39  Spore Crawler  
  89  7:40  Zerg Ground Armor Level 1  
  89  7:42  Zerg Missile Weapons Level 1  
  86  7:45  Drone  
  86  7:46  Drone, Spore Crawler x2  
  86  7:55  Mutalisk x4  
  94  8:12  Mutalisk x7  
  108  8:24  Drone x3  
  111  8:28  Queen  
  113  8:36  Glial Reconstitution  
  113  8:38  Grooved Spines  
  113  8:43  Hatchery  
  113  8:46  Nydus Network  
  111  8:53  Mutalisk x2  
  111  8:54  Mutalisk  
  117  9:08  Extractor  
  117  9:09  Roach  
  116  9:10  Roach x3  
  116  9:11  Roach x4  
  116  9:13  Extractor, Roach x2  
  131  9:31  Roach  
  131  9:32  Roach x2  
  135  9:49  Muscular Augments  
  135  9:53  Overlord x5  
  135  9:54  Overlord x2  
  73  10:09  Roach  
  73  10:10  Roach x9  
  91  10:19  Zerg Ground Armor Level 2  
  91  10:20  Zerg Missile Weapons Level 2  
  87  10:21  Roach  
  87  10:22  Roach x4  
  76  10:37  Hydralisk  
  76  10:38  Hydralisk x2  
  82  10:43  Queen  
  82  10:48  Hydralisk  
  86  10:53  Drone  
  86  10:54  Drone  
  88  10:59  Drone  
  88  11:00  Drone  
  80  11:15  Hydralisk x2  
  80  11:16  Drone x2  
  80  11:17  Drone x2  
  68  11:27  Drone x4  
  68  11:28  Drone x2  
  68  11:30  Roach  
  76  11:34  Drone x2  
  78  11:42  Roach x2  
  78  11:43  Roach  
  78  11:45  Roach  
  78  11:46  Drone  
  87  11:52  Drone x4  
  91  11:59  Drone x3  
  91  12:00  Drone x3  
  91  12:01  Drone  
  98  12:15  Drone x5  
  102  12:16  Drone x7  
  110  12:34  Extractor  
  110  12:36  Drone  
  110  12:44  Extractor  
  110  12:48  Extractor  
  92  12:58  Hydralisk  
  92  12:59  Hydralisk x6  
  103  13:24  Hatchery  
Tags
 
Add a new tag
Caveats
  • Supply blocks, unpowered buildings, or Contaminate may cause inaccurate times.
  • Supply counts are checked every 10 seconds.